 Dungeon Crawl Stone Soup version 0.18-a0-1390-gc02854d (webtiles) character file.

461 M4edhros the Insei (level 6, 0/47 HPs)
             Began as a Mummy Monk on Feb 22, 2016.
             Slain by a worker ant (4 damage)
             ... on level 5 of the Dungeon.
             The game lasted 00:12:14 (7638 turns).

M4edhros the Insei (Mummy Monk)                     Turns: 7638, Time: 00:12:15

Health: 0/47       AC:  0    Str: 14    XL:     6   Next: 79%
Magic:  6/6        EV: 13    Int: 13    God:
Gold:   257        SH:  0    Dex: 16    Spells: 0 memorised, 5 levels left

rFire  x . .     SeeInvis .       - Unarmed
rCold  + . .     Gourm    .     (no armour)
rNeg   + + +     Faith    .     (no shield)
rPois  ∞         Spirit   .     (no helmet)
rElec  .         Dismiss  .     (no cloak)
rCorr  .         Reflect  .     (no gloves)
SustAt .         Harm     .     (no boots)
MR     .....                    (no amulet)
Stlth  ++........               o - +3 ring of intelligence (curse)
                                (no ring)

@: not resistant to hostile enchantments, unstealthy
A: no food or potions, fire vulnerability, cold resistance 1, negative energy
resistance 3, torment resistance, unbreathing
a: no special abilities


You were on level 5 of the Dungeon.
You were not hungry.

You visited 1 branch of the dungeon, and saw 5 of its levels.

You collected 257 gold pieces.

Inventory:

Jewellery
 h - an uncursed ring of protection from cold
 o - a cursed +3 ring of intelligence (right hand)
Wands
 g - a wand of confusion (15/48)
 n - a wand of iceblast (10/15)
Scrolls
 a - 7 scrolls of identify
 b - 5 scrolls of remove curse
 e - a scroll of immolation
 j - 2 scrolls of enchant armour
 m - a scroll of amnesia
Comestibles
 c - 4 meat rations (quivered)
 d - 3 bread rations
 f - 2 slices of pizza
 k - a fruit


   Skills:
 - Level 3.0 Fighting
 - Level 2.4 Dodging
 - Level 1.5 Stealth
 + Level 6.8 Unarmed Combat


You had 5 spell levels left.
You didn't know any spells.

Dungeon Overview and Level Annotations

Branches:
Dungeon (5/15)
 Temple: D:4-7

Altars:
Qazlal

Annotations:
D:3 dvd's ghost, amateur MiGl
D:4 Crazy Yiuf


Innate Abilities, Weirdness & Mutations

You do not eat or drink.
Your flesh is vulnerable to fire.
You are immune to poison.
Your flesh is cold resistant.
You are immune to negative energy.
You are immune to unholy pain and torment.
You can survive without breathing.


Message History

* * * LOW HITPOINT WARNING * * *
You are too injured to fight recklessly!
You hit the worker ant.
The worker ant is severely wounded.
The worker ant barely misses you.
You hit the worker ant.
The worker ant is almost dead.
The worker ant bites you!
* * * LOW HITPOINT WARNING * * *
You barely miss the worker ant.
The worker ant is almost dead.
The worker ant bites you.
* * * LOW HITPOINT WARNING * * *
You hit the worker ant.
The worker ant is almost dead.
The worker ant barely misses you.
You barely miss the worker ant.
The worker ant is almost dead.
The worker ant bites you.
You die...

#######
#...!.#
#.###.# #.#
#.#### #.#
#...).
#########|#
######
#...(..##.#
#<
#@####.##.#
#.
#a#....##.#
#.
#.#.......#
#.
#.#########
#. #.. ..
### #. ..


You could see a worker ant.

Vanquished Creatures
  Menkaure (D:4)
  3 orc priests (D:3)
  An orc wizard (D:4)
  Jessica (D:2)
  Terence (D:2)
  8 adders
  3 worms
  A dart slug (D:1)
  3 giant geckos
  14 orcs
  4 giant cockroaches
  3 goblins
  5 hobgoblins
  2 quokkas
  9 bats
  2 giant newts
  5 kobolds
  26 rats
  A fungus (D:4)
93 creatures vanquished.

Vanquished Creatures (others)
  A fungus (D:4)
1 creature vanquished.

Grand Total: 94 creatures vanquished

Notes
Turn   | Place    | Note
--------------------------------------------------------------
     0 | D:1      | M4edhros the Mummy Monk began the quest for the Orb.
     0 | D:1      | Reached XP level 1. HP: 18/18 MP: 1/1
   474 | D:1      | Reached XP level 2. HP: 14/24 MP: 2/2
  1381 | D:2      | Reached skill level 4 in Unarmed Combat
  1381 | D:2      | Reached XP level 3. HP: 20/29 MP: 3/3
  1783 | D:2      | Noticed Jessica
  1790 | D:2      | Killed Jessica
  1790 | D:2      | Reached XP level 4. HP: 31/35 MP: 4/4
  1807 | D:2      | Noticed Terence
  2960 | D:3      | Reached skill level 5 in Unarmed Combat
  3032 | D:3      | Noticed dvd's ghost (amateur MiGl)
  3442 | D:2      | Killed Terence
  3663 | D:3      | Reached XP level 5. HP: 36/41 MP: 5/5
  5583 | D:4      | Noticed Menkaure
  5594 | D:4      | Killed Menkaure
  5594 | D:4      | Reached skill level 6 in Unarmed Combat
  5594 | D:4      | Reached XP level 6. HP: 26/47 MP: 6/6
  5673 | D:4      | Found a stormy altar of Qazlal.
  7049 | D:4      | Noticed Crazy Yiuf
  7596 | D:5      | Entered Level 5 of the Dungeon
  7638 | D:5      | Slain by a worker ant

Vault maps used:
D:1:      dpeg_arrival_pits
D:2:      minmay_misc_feat_tiny, uniq_jessica, uniq_terence
D:3:      first_bread, minmay_rat_hole
D:4:      grunt_qazlal_clouds, uniq_crazy_yiuf_cottage, uniq_menkaure
D:5:      minmay_temple_entry_large_hall

Skill      XL: |  1  2  3  4  5 |
---------------+----------------+-----
Unarmed Combat | 4 5 6 |  6.8
Fighting       | |  3.0
Dodging        | |  2.4
Stealth        | |  1.5

Action                   |  1- 3 |  4- 6 || total
-------------------------+-------+-------++-------
Melee: Unarmed           |    95 |   320 ||   415
  Use: Scroll            |       |     8 ||     8
 Stab: Sleeping          |     2 |     3 ||     5
       Distracted        |       |     1 ||     1
